AoeStats
← Nomad619

Arabia

509684027Analyzed
2v2 RM · 3d ago on Sep 27, 2026· 35m 37s· 4 players
Game mode
Random Map
Map size
Medium (4 player)
Population
200
Speed
Normal
Resources
Standard
Victory
Conquest
Starting age
Dark Age
Ending age
Imperial Age
RankedLock teamsTeams togetherTeam positionsShared explorationLock speedFull tech treeHidden civsTurbo modeCheats
Victory
Defeat
🇬🇧 Danes · United Kingdom
861
+14
🇬🇧 Vietnamese · United Kingdom
779
+18
🇺🇸 Huns · United States
819
-16
🇦🇷 Saracens · Argentina
818
-16
Nomad619
4:50 Loom
12:22 Feudal Age
14:11 Man-at-Arms
20:49 Double-Bit Axe
22:57 Forging
22:58 Gold Mining
26:54 Castle Age
25:21 Fletching
26:05 Scale Mail Armor
27:12 Padded Archer Armor
晚霞与她
9:56 Feudal Age
8:12 Loom
10:31 Double-Bit Axe
15:22 Horse Collar
21:00 Castle Age
19:44 Gold Mining
21:04 Town Watch
21:56 Wheelbarrow
21:20 Crossbowman
22:49 Bow Saw
24:19 Fletching
24:30 Padded Archer Armor
25:24 Stone Mining
27:15 Heavy Plow
31:49 Murder Holes
32:16 Ballistics
35:14 Imperial Age
34:20 Gold Shaft Mining
34:13 Hand Cart
34:10 Bodkin Arrow
34:16 Padded Archer Armor
34:30 Husbandry
35:04 Bloodlines
bushyunicorn37
0:54 Loom
12:05 Feudal Age
12:44 Double-Bit Axe
13:31 Horse Collar
15:12 Man-at-Arms
22:42 Fletching
25:20 Castle Age
24:19 Padded Archer Armor
26:03 Bodkin Arrow
26:24 Leather Archer Armor
25:55 Crossbowman
29:09 Thumb Ring
33:13 Bow Saw
33:06 Heavy Plow
35:17 Heated Shot
35:48 Ballistics
35:27 Murder Holes
Stout Lout
0:35 Loom
11:36 Feudal Age
18:53 Castle Age
17:25 Horse Collar
20:00 Wheelbarrow
20:19 Fletching
20:43 Forging
20:34 Scale Mail Armor
24:23 Bodkin Arrow
31:58 Iron Casting
31:38 Chain Mail Armor
Connection lost

Rejoining the realm…

Still unreachable

The connection could not be restored.

Session expired

The server has moved on; the page needs a fresh start.